AoeStats
← Zephyr.H

Black Forest

510450561Analyzed
2v2 RM · 7h ago on Oct 1, 2026· 66m 12s· 4 players
Game mode
Random Map
Map size
Medium (4 player)
Population
200
Speed
Normal
Resources
Standard
Victory
Conquest
Starting age
Dark Age
Ending age
Imperial Age
RankedLock teamsTeams togetherTeam positionsShared explorationLock speedFull tech treeHidden civsTurbo modeCheats
Victory
Defeat
🇦🇷 Saxons · Argentina
931
+17
🇨🇳 Italians · China
930
+17
🇺🇸 Khmer · United States
953
-17
🇺🇸 Tatars · United States
952
-17
Zephyr.H
0:29 Loom
13:28 Feudal Age
17:31 Double-Bit Axe
17:41 Stone Mining
17:47 Gold Mining
20:59 Castle Age
21:23 Horse Collar
22:58 Bow Saw
22:54 Fletching
22:48 Fishing Lines
32:35 Wheelbarrow
31:46 Town Watch
32:22 Fortified Wall
32:34 Ballistics
37:00 Imperial Age
35:40 Bodkin Arrow
35:46 Scale Mail Armor
35:57 Forging
35:49 Padded Archer Armor
35:57 Treadmill Crane
36:15 Murder Holes
36:58 Gillnets
37:59 Hand Cart
38:14 Thumb Ring
38:34 Bracer
38:50 Leather Archer Armor
38:51 Chain Mail Armor
39:48 Chemistry
39:20 Onager
41:09 Conscription
41:12 Silk Road
42:18 Caravan
42:47 Pikeman
43:32 Squires
43:22 Arson
45:43 Pirotechnia
49:41 Ring Archer Armor
49:42 Plate Mail Armor
49:48 Iron Casting
51:34 Elite Genoese Crossbowman
58:19 Two-Man Saw
Hodor Noon
1:08 Loom
12:55 Feudal Age
13:49 Double-Bit Axe
14:18 Horse Collar
15:42 Gold Mining
16:52 Wheelbarrow
17:20 Fishing Lines
19:45 Castle Age
18:43 Stone Mining
20:06 Arson
20:42 Gillnets
22:27 Forging
23:14 Gold Shaft Mining
23:14 Bow Saw
32:58 Imperial Age
30:24 Treadmill Crane
30:57 Masonry
31:08 Ballistics
30:52 Scale Mail Armor
30:43 Fletching
31:19 Clerical Recruitment
32:02 Herbal Medicine
32:44 Iron Casting
32:06 Bodkin Arrow
32:50 Iron Casting
32:30 Chain Mail Armor
33:41 Heavy Plow
34:44 Two-Man Saw
33:11 Capped Ram
34:24 Conscription
35:12 Crop Rotation
34:07 Elite Hearth Troop
35:15 Siege Ram
37:42 Squires
37:03 Elite Varangian Guard
38:21 Plate Mail Armor
37:52 Bracer
37:32 Onager
38:37 Guilds
39:17 Caravan
40:30 Scale Barding Armor
40:50 Elite Varangian Guard
41:16 Gambesons
40:55 Shield Wall
43:33 Chemistry
42:38 Siege Engineers
43:04 Architecture
42:57 Chain Barding Armor
43:33 Man-at-Arms
52:25 Hoardings
51:12 Clerical Recruitment
51:44 Long Swordsman
64:52 Two-Handed Swordsman
64:53 Pikeman
66:09 Champion
66:09 Halberdier
Mrs.Butterworth
1:28 Loom
11:35 Feudal Age
12:36 Double-Bit Axe
17:58 Horse Collar
18:27 Arson
19:09 Scale Mail Armor
20:36 Forging
20:16 Fletching
20:27 Padded Archer Armor
20:34 Scale Barding Armor
22:36 Castle Age
24:06 Bow Saw
24:47 Wheelbarrow
24:54 Wheelbarrow
28:38 Gold Mining
29:33 Masonry
29:23 Murder Holes
29:40 Fortified Wall
30:38 Gold Shaft Mining
30:09 Town Watch
29:55 Pikeman
30:47 Bloodlines
30:37 Husbandry
32:01 Ballistics
34:12 Medium Warships
37:04 Imperial Age
35:37 Fortified Wall
36:52 Hand Cart
38:10 Conscription
38:53 Hoardings
38:53 Conscription
38:37 Elite Ballista Elephant
40:09 Double Crossbow
40:46 Heavy Warships
40:59 Chain Barding Armor
40:36 Bodkin Arrow
42:00 Chemistry
41:34 Light Cavalry
42:46 Elite Cannon Galleon
44:03 Town Patrol
43:55 Hussar
46:32 Siege Engineers
47:49 Caravan
55:01 Iron Casting
64:00 Plate Barding Armor
63:26 Bracer
63:41 Leather Archer Armor
64:27 Blast Furnace
Aunt Jemima
2:22 Loom
13:34 Feudal Age
14:14 Horse Collar
14:25 Double-Bit Axe
14:33 Gold Mining
22:01 Castle Age
20:13 Stone Mining
21:11 Forging
20:54 Fletching
21:47 Bloodlines
21:32 Arson
23:22 Bow Saw
23:15 Heavy Plow
24:27 Wheelbarrow
23:42 Town Watch
26:12 Hand Cart
26:20 Hand Cart
26:27 Town Patrol
31:03 Iron Casting
30:24 Bodkin Arrow
32:46 Husbandry
34:43 Scale Barding Armor
36:23 Silk Armor
39:05 Imperial Age
37:01 Chain Barding Armor
36:43 Padded Archer Armor
36:43 Scale Mail Armor
37:08 Ballistics
36:58 Masonry
36:44 Murder Holes
36:30 Treadmill Crane
38:47 Gold Shaft Mining
39:07 Caravan
39:38 Coinage
39:19 Squires
38:40 Pikeman
39:51 Fortified Wall
40:48 Chemistry
39:54 Siege Engineers
40:04 Timurid Siegecraft
39:29 Elite Keshik
41:59 Guilds
42:19 Banking
42:26 Conscription
44:42 Siege Engineers
44:50 Fortified Wall
45:42 Elite Steppe Lancer
47:18 Elite Skirmisher
49:55 Cavalier
50:00 Light Cavalry
50:07 Heavy Cavalry Archer
56:30 Crop Rotation
57:46 Hussar
Connection lost

Rejoining the realm…

Still unreachable

The connection could not be restored.

Session expired

The server has moved on; the page needs a fresh start.